 Dungeon Crawl Stone Soup version 0.30-a0-1164-ge08a67761e (webtiles) character file.

Game seed: 2760086918807852170

898 themarg the Summoner (level 8, 0/52 HPs)
             Began as a Merfolk Summoner on Apr 30, 2023.
             Slain by Prince Ribbit (15 damage)
             ... on level 6 of the Dungeon.
             The game lasted 00:16:01 (6245 turns).

themarg the Summoner (Merfolk Summoner)             Turns: 6245, Time: 00:16:02

Health: 0/52       AC:  3    Str:  8    XL:     8   Next: 7%
Magic:  2/11       EV: 12    Int: 17    God:
Gold:   203        SH:  0    Dex: 14    Spells: 1/11 levels left

rFire   . . .        y - +0 trident
rCold   . . .        (no shield)
rNeg    . . .        a - +0 robe
rPois   .            (no helmet)
rElec   .            (no cloak)
rCorr   .            (no gloves)
SInv    .            l - +0 pair of boots
Will    .....        (no amulet)
Stlth   ++           (no ring)
HPRegen 0.28/turn    (no ring)
MPRegen 0.12/turn

%: no passive effects
@: no status effects
A: (nimble swimmer 2), mertail
a: no special abilities


You were on level 6 of the Dungeon.
You visited 1 branch of the dungeon, and saw 6 of its levels.

You collected 323 gold pieces.
You spent 120 gold pieces at shops.

Inventory:

Hand Weapons
 y - a +0 trident (weapon)
Missiles
 g - 46 stones
 n - 9 poisoned darts
 q - 4 javelins
 v - a throwing net
Armour
 a - a +0 robe (worn)
 l - a +0 pair of boots (worn)
 o - a +0 kite shield
Scrolls
 c - a scroll of torment
 e - 3 scrolls of teleportation
 k - 2 scrolls of enchant weapon
 m - a scroll of magic mapping {unknown}
 p - a scroll of poison {unknown}
 t - 2 scrolls of vulnerability
 x - a scroll of fog {unknown}
Potions
 b - 2 potions of magic
 h - a potion of berserk rage
 i - a potion of flight {unknown}
 j - 2 potions of attraction
 r - a potion of curing
 s - a potion of might
 u - a potion of heal wounds {unknown}
 w - 2 potions of mutation {unknown}


   Skills:
 - Level 2.6 Dodging
 - Level 2.1 Stealth
 - Level 2.0 Spellcasting
 + Level 9.2 Summonings
 + Level 2.4 Air Magic


You had one spell level left.
You knew the following spells:

 Your Spells              Type           Power      Damage    Failure   Level
a - Summon Small Mammal   Summ           100%       N/A       1%          1
b - Call Imp              Summ           66%        N/A       1%          2
c - Call Canine Familiar  Summ           33%        N/A       1%          3
d - Summon Lightning Spi  Summ/Air       21%        N/A       17%         4

Your spell library contained the following spells:

 Spells                   Type           Power      Damage    Failure   Level
 Sting                    Tmut/Pois      4%         1d3       19%         1
 Summon Guardian Golem    Hex/Summ       17%        N/A       9%          3
 Poisonous Vapours        Pois/Air       10%        N/A       19%         2
 Scorch                   Fire           2%         2d5       28%         2
 Vhi's Electric Charge    Tloc/Air       10%        N/A       34%         3
 Summon Cactus Giant      Summ           16%        N/A       54%         6
 Flame Wave               Conj/Fire      1%         2d4       88%         4
 Olgreb's Toxic Radiance  Pois           1%         N/A       88%         4
 Arcjolt                  Conj/Air       2%         1d12      97%         5
 Orb of Destruction       Conj           0%         9d5       100%        7
 Spellforged Servitor     Conj/Summ      8%         N/A       100%        7
 Maxwell's Capacitive Co  Air            5%         ∞         100%        8


Dungeon Overview and Level Annotations

Branches:
Dungeon (6/15)
 Temple: D:4-7

Altars:
Fedhas
Trog
Vehumet

Shops:
D:2 *   D:3 (

Annotations:
D:1 1 exclusion
D:5 1 runed translucent door, Crazy Yiuf
D:6 Prince Ribbit


Innate Abilities, Weirdness & Mutations

((You are very nimble when in or above water. (Stealth+, EV+, Speed+++)))
Your lower body shifts to a powerful aquatic tail in water.


Message History

Press: ? - help, Dir - move target, f/p - scorpion
Aim: a scorpion (almost dead, ally target, about 44% to evade your +0 trident)
You reach to attack!
You closely miss the scorpion.
The scorpion is almost dead.
Your hound bites the scorpion.
The scorpion dies!
Your hound dies!
Your hound's corpse disappears in a puff of smoke!
Magic restored.
Prince Ribbit comes into view.
The spell is quite dangerous to miscast (17% risk of failure)!
Continue anyway?
An electric hum fills the air.
Prince Ribbit blinks! x2
A tiny devil pulls itself out of the air.
Prince Ribbit catches a moth with his tongue.
Prince Ribbit blinks!
Your cerulean imp barely misses Prince Ribbit.
Prince Ribbit misses your quokka.
Your quokka misses Prince Ribbit.
Your cerulean imp hits Prince Ribbit from afar with a -1 spear.
Your quokka bites Prince Ribbit.
Your cerulean imp hits Prince Ribbit with a -1 spear.
You hit Prince Ribbit but do no damage.
Prince Ribbit is lightly wounded.
A hound comes into view.
Prince Ribbit hits you.
Your hound barely misses Prince Ribbit.
Your cerulean imp closely misses Prince Ribbit.
Prince Ribbit hits you!
Your hound bites Prince Ribbit.
Your quokka misses Prince Ribbit.
Your hound closely misses Prince Ribbit.
Your cerulean imp closely misses Prince Ribbit.
You hit Prince Ribbit.
Prince Ribbit is moderately wounded.
Your hound misses Prince Ribbit. Prince Ribbit hits you!
* * * LOW HITPOINT WARNING * * *
Your quokka bites Prince Ribbit.
Your cerulean imp hits Prince Ribbit but does no damage.
Your lightning spire shoots out a bolt of lightning at Prince Ribbit!
The bolt of electricity hits Prince Ribbit!
Your hound closely misses Prince Ribbit.
Prince Ribbit hits you!
You die...

.##. #.## ....
....##..###...
..........#.####
................
...>...†#....#####
#<..........
#..#....#>.#
.....#.......#..
..#.P.P##.@8......
#P§§P...F.......
#P≈§....rh......
#.PP....5..h....
#...#...........
..#.##.......... .
# ##.........
.....(....
##..^.....


You could see Prince Ribbit (ally target), a hound, a friendly lightning spire
(summoned), a friendly hound (summoned), a friendly cerulean imp (summoned) and
a friendly quokka (summoned).

Vanquished Creatures
  2 orcs (D:2)
  A ball python (D:4)
  2 giant cockroaches (D:1)
  A hobgoblin (D:1)
  2 kobolds
  A bat (D:2)
  2 rats
11 creatures vanquished.

Vanquished Creatures (collateral kills)
  An ice beast (D:5)
  A black bear (D:3)
  An ogre (D:4)
  A phantom (D:5)
  A gnoll sergeant (D:5)
  3 scorpions
  3 hounds
  An orc priest (D:4)
  2 iguanas
  3 gnolls (D:5)
  4 adders
  2 worms
  6 orcs
  5 endoplasms
  2 giant cockroaches
  4 goblins
  4 jackals (D:4)
  9 kobolds
  4 quokkas
  3 ball pythons
  4 bats
  4 frilled lizards
  4 rats
72 creatures vanquished.

Vanquished Creatures (others)
  3 demonic plants (D:6)
3 creatures vanquished.

Grand Total: 86 creatures vanquished

Notes
Turn   | Place    | Note
-------+----------+-------------------------------------------
     0 | D:1      | themarg the Merfolk Summoner began the quest for the Orb.
     0 | D:1      | Reached XP level 1. HP: 13/13 MP: 3/3
   281 | D:1      | Reached XP level 2. HP: 17/19 MP: 1/5
   284 | D:1      | Learned a level 2 spell: Call Imp
  1298 | D:2      | Reached XP level 3. HP: 24/24 MP: 2/6
  1302 | D:2      | Learned a level 3 spell: Call Canine Familiar
  1538 | D:2      | Reached skill level 5 in Summonings
  1698 | D:2      | Found Lyodghave's General Store.
  1705 | D:2      | Bought a scroll of teleportation for 30 gold pieces
  1705 | D:2      | Bought a potion of curing for 30 gold pieces
  1705 | D:2      | Bought a potion of might for 40 gold pieces
  1705 | D:2      | Bought a scroll of identify for 20 gold pieces
  2180 | D:3      | Noticed a black bear
  2501 | D:3      | Killed a black bear
  2502 | D:3      | Reached skill level 6 in Summonings
  2502 | D:3      | Reached XP level 4. HP: 23/30 MP: 1/7
  2502 | D:3      | Reached XP level 5. HP: 27/35 MP: 1/8
  2967 | D:3      | Found Japashyl's Antique Weapon Shop.
  3407 | D:4      | Found a radiant altar of Vehumet.
  3844 | D:4      | Reached skill level 7 in Summonings
  3844 | D:4      | Reached XP level 6. HP: 18/41 MP: 2/9
  4418 | D:5      | Entered Level 5 of the Dungeon
  4452 | D:5      | Reached skill level 8 in Summonings
  4461 | D:5      | Reached XP level 7. HP: 15/46 MP: 4/10
  4853 | D:5      | Reached skill level 1 in Air Magic
  4874 | D:5      | Found a runed translucent door.
  4875 | D:5      | Noticed Crazy Yiuf
  4945 | D:5      | Found a blossoming altar of Fedhas.
  4948 | D:5      | Found a bloodstained altar of Trog.
  4998 | D:5      | Reached skill level 9 in Summonings
  5401 | D:5      | Learned a level 4 spell: Summon Lightning Spire
  5585 | D:5      | Found a blossoming altar of Fedhas.
  5588 | D:5      | Found a bloodstained altar of Trog.
  5860 | D:5      | Reached XP level 8. HP: 48/52 MP: 6/11
  6236 | D:6      | Noticed Prince Ribbit
  6245 | D:6      | Slain by Prince Ribbit

Illustrated notes

Levels and vault maps discovered:
D:1:      dpeg_cavernosity, layout_loops_cross, serial_glass, glass_columns_a,
          glass_columns_a, due_unseen_surprise, item_on_display_a,
          minmay_strange_pillars, minmay_hexomino_f4
D:2:      layout_basic, serial_shops, shop, minmay_misc_feat_more_columns
D:3:      layout_basic, serial_shops, shop
D:4:      layout_basic, nicolae_vehumet_radiance
D:5:      layout_rooms, nicolae_overflow_squiral, nicolae_figureground_pulse,
          uniq_crazy_yiuf_cottage
D:6:      layout_rooms, jmf_multi_god_temple2, grunt_dithmenos_shadows,
          serial_demonic, serial_demonic_e, serial_demonic_g, serial_demonic_g,
          serial_demonic_g, uniq_blork_the_orc, uniq_prince_ribbit1

Skill      XL: |  1  2  3  4  5  6  7 |
---------------+----------------------+-----
Summonings     | 6 7 8 9 |  9.2
Air Magic      | 2 |  2.4
Dodging        | |  2.6
Stealth        | |  2.1
Spellcasting   | |  2.0

Action                     |  1- 3 |  4- 6 |  7- 9 || total
---------------------------+-------+-------+-------++-------
  Melee: Dagger            |    53 |    56 |    33 ||   142
         Punch             |       |     1 |       ||     1
         Tailslap          |       |       |     1 ||     1
         Trident           |       |       |    10 ||    10
   Fire: Sling             |     8 |       |       ||     8
   Cast: Summon Small Mamm |    46 |     3 |     3 ||    52
         Call Imp          |     5 |     6 |     7 ||    18
         Call Canine Famil |     4 |    20 |    13 ||    37
         Summon Lightning  |       |       |     1 ||     1
    Use: Scroll            |     3 |     3 |     1 ||     7
         Potion            |       |     2 |       ||     2
   Stab: Distracted        |     1 |       |     1 ||     2
 Armour: Robe              |    19 |    19 |     3 ||    41
         Skin              |       |    16 |       ||    16
  Dodge: Dodged            |    55 |    34 |    23 ||   112

Table legend: (Time is in decaauts)
 A = Elapsed time spent in this place.
 B = Non-inter-level travel time spent in this place.
 C = Inter-level travel time spent in this place.
 D = Time resting spent in this place.
 E = Time spent auto-exploring this place.
 F = Levels seen in this place.
 G = Mean time per level.
                   A        B        C        D        E       F      G
               +--------+--------+--------+--------+--------+-----+--------+
         Total |   6238 |   6021 |    217 |    370 |   4650 |   6 | 1039.7 |
       Dungeon |   6238 |   6021 |    217 |    370 |   4650 |   6 | 1039.7 |
               +--------+--------+--------+--------+--------+-----+--------+

Top non-repeatable levels by time:
     D:5: 1749 daAuts
     D:4: 1194 daAuts
     D:1: 1192 daAuts
     D:2: 1164 daAuts
     D:3: 900 daAuts
     D:6: 37 daAuts
